 Dungeon Crawl Stone Soup version 0.28.0-45-g0d030f2227 (webtiles) character file.

Game seed: 6182570416511194885

12 NinjaNoafa the Grasshopper (level 2, -1/23 HPs)
             Began as a Palentonga Warper on Apr 12, 2022.
             Slain by a quokka (4 damage)
             ... on level 1 of the Dungeon.
             The game lasted 00:02:39 (561 turns).

NinjaNoafa the Grasshopper (Palentonga Warper)       Turns: 561, Time: 00:02:40

Health: -1/23      AC:  5    Str: 14    XL:     2   Next: 20%
Magic:  5/5        EV:  9    Int: 13    God:
Gold:   6          SH:  0    Dex:  9    Spells: 5/5 levels left

rFire   . . .      SeeInvis +   g - +2 dagger (speed)
rCold   . . .      Faith    .   (no shield)
rNeg    . . .      Spirit   .   b - +0 leather armour
rPois   .          Reflect  .   e - +0 helmet
rElec   .          Harm     .   (no cloak)
rCorr   .          Rampage  .   (no gloves)
Will    .....                   (no barding)
Stlth   +.........              (no amulet)
HPRegen 0.07/turn               (no ring)
MPRegen 0.09/turn               (no ring)

@: no status effects
A: large, rugged brown scales 3, see invisible, deformed body, roll 1, armoured
tail
a: Rolling Charge


You were on level 1 of the Dungeon.
You visited 1 branch of the dungeon, and saw 1 of its levels.

You collected 6 gold pieces.

Inventory:

Hand Weapons
 a - a +0 falchion
 f - a +2 dagger of holy wrath
 g - a +2 dagger of speed (weapon)
Missiles
 d - 3 boomerangs of dispersal (quivered)
Armour
 b - a +0 leather armour (worn)
 e - a +0 helmet (worn)


   Skills:
 + Level 2.1 Fighting
 - Level 2.0 Long Blades
 + Level 1.0 Throwing
 + Level 1.0 Armour
 + Level 1.7 Dodging
 + Level 2.1 Spellcasting
 + Level 3.1 Translocations


You had 5 spell levels left.
You didn't know any spells.
Your spell library contained the following spells:

 Spells                   Type           Power      Damage    Failure   Level
 Blink                    Tloc           18%        N/A       13%         2
 Gell's Gravitas          Tloc           9%         N/A       26%         3
 Lesser Beckoning         Tloc           9%         N/A       26%         3
 Teleport Other           Tloc           9%         N/A       26%         3
 Manifold Assault         Tloc           9%         N/A       94%         5


Dungeon Overview and Level Annotations

Branches:
Dungeon (1/15)

Altars:


Innate Abilities, Weirdness & Mutations

You are completely covered in rugged brown scales. (AC +3, +7% HP)
You have supernaturally acute eyesight. (SInv)
Armour fits poorly on your strangely shaped body.
You can roll at nearby foes to attack.
You have a long armoured tail.


Message History

The endoplasm freezes you.
You are frozen.
The quokka bites you.
Blink to where?
Press: ? - help, Dir - move target, p - giant cockroach
Found 10 sling bullets and 16 gold pieces.
As you read the scroll of blinking, it crumbles to dust.
Throw: 4 boomerangs (disperse)
Press: ? - help, Q - select action, (/) - cycle Shift-Dir - straight line, f - quokka
Aim: a quokka (41% to hit)
You throw a boomerang of dispersal.
The boomerang of dispersal hits the quokka.
The quokka blinks!
The quokka is almost dead.
Roll where?
Press: ? - help, Dir - move target, f - giant cockroach, p - quokka
Aim: a giant cockroach You roll forward with a clatter of scales!
You hit the giant cockroach.
The giant cockroach is almost dead.
The giant cockroach barely misses you.
Throw: 3 boomerangs (disperse)
Press: ? - help, Q - select action, (/) - cycle Shift-Dir - straight line, f/p - giant cockroach
Aim: a giant cockroach (almost dead, 54% to hit)
Okay, then.
You aren't carrying any potions.
Roll where?
Press: ? - help, Dir - move target, f - quokka, p - giant cockroach
Aim: a quokka (almost dead)
You roll forward with a clatter of scales!
You hit the quokka but do no damage.
The quokka is almost dead.
The endoplasm hits you.
The giant cockroach bites you but does no damage.
The quokka bites you.
* * * LOW HITPOINT WARNING * * *
You hit the quokka but do no damage.
Your tail-slap misses the quokka.
The quokka is almost dead.
The endoplasm hits you but does no damage.
The giant cockroach closely misses you. The quokka bites you.
You die...

##.# #.....#.# # #..#
####..#.#.## #.##
###.......# . #.#
#####.....#.#.... #.#
###...#.##).....# #.#
....#..........## #.#
#.....J....### #.# #
#....BJ....#
#.######.##...○@r....#
#............°..B....#
#..#####...............
#...................###
##.##.##.......(....#
###.##.##..#$........#
.......##..#####.##....
###.#####. #.# #### #
.... #


You could see 2 endoplasms, a quokka and 2 giant cockroaches.

Vanquished Creatures
  A dart slug (D:1)
  A ball python (D:1)
  An endoplasm (D:1)
  2 goblins (D:1)
  A quokka (D:1)
  A frilled lizard (D:1)
  2 kobolds (D:1)
  A rat (D:1)
10 creatures vanquished.

Notes
Turn   | Place    | Note
-------+----------+-------------------------------------------
     0 | D:1      | NinjaNoafa the Palentonga Warper began the quest for the
                  | Orb.
     0 | D:1      | Reached XP level 1. HP: 17/17 MP: 3/3
   546 | D:1      | Reached XP level 2. HP: 23/23 MP: 5/5
   554 | D:1      | Reached skill level 1 in Throwing
   554 | D:1      | Reached skill level 1 in Armour
   561 | D:1      | Slain by a quokka

Illustrated notes

Levels and vault maps discovered:
D:1:      dpeg_arrival_court, layout_loops_ring,
          shapermc_ecumenical_altar_hornbeckon

Skill      XL: |  1  2 |
---------------+-------+-----
Throwing       | 1 |  1.0
Armour         | 1 |  1.0
Fighting       | |  2.1
Long Blades    | |  2.0
Dodging        | |  1.7
Spellcasting   | |  2.1
Translocations | |  3.1

Action                   || total
-------------------------++-------
Melee: Falchion          ||    15
       Dagger            ||    20
       Tailslap          ||     4
       Punch             ||     1
Throw: Boomerang         ||     2
 Abil: Rolling Charge    ||     6
  Use: Scroll            ||     1
Armor: Leather armour    ||    17
Dodge: Dodged            ||    17
